Map: Orbital Shipyard

Players

Grumm - Winner!

  • Race: Protoss Protoss
  • League: Gold

SouLLeSS

  • Race: Protoss Protoss
  • League: Diamond

VOD

Have the link to the VOD?

Description

Time

  • Played on: Jan. 11, 2016, 3:06 p.m.
  • Length: 15:53
Show
View Real Time Build Order
Export as new Build Order

Grumm Protoss - Winner!

Build Orders:  

Get SALT Encoding   

  12  0:01  Probe (Chrono Boost)  
  13  0:11  Probe (Chrono Boost)  
  14  0:19  Pylon  
  14  0:23  Probe (Chrono Boost)  
  15  0:33  Assimilator  
  15  0:38  Probe (Chrono Boost)  
  15  0:42  Gateway  
  16  0:48  Probe (Chrono Boost)  
  17  0:59  Probe (Chrono Boost)  
  18  1:11  Gateway  
  18  1:16  Pylon  
  18  1:17  Probe (Chrono Boost)  
  19  1:28  Probe (Chrono Boost)  
  20  1:39  Cybernetics Core  
  20  1:42  Pylon  
  20  1:43  Probe (Chrono Boost)  
  21  2:03  Assimilator  
  21  2:06  Zealot  
  21  2:07  Zealot  
  25  2:20  Probe (Chrono Boost)  
  26  2:23  Warp Gate (Chrono Boost)  
  26  2:32  Probe  
  26  2:34  Stalker x2  
  31  2:44  Pylon  
  31  2:50  Probe  
  32  3:04  Adept x2  
  35  3:25  Nexus  
  35  3:30  Pylon  
  31  4:08  Probe  
  32  4:12  Pylon  
  32  4:15  Forge  
  26  4:31  Probe  
  27  4:40  Gateway  
  27  4:42  Gateway  
  27  4:43  Probe (Chrono Boost)  
  26  4:49  Photon Cannon  
  26  4:52  Stalker x2  
  30  4:58  Photon Cannon  
  30  5:02  Assimilator  
  30  5:03  Probe (Chrono Boost)  
  30  5:05  Probe (Chrono Boost)  
  32  5:14  Photon Cannon  
  32  5:18  Sentry  
  34  5:27  Stalker  
  32  5:32  Mothership Core (Chrono Boost)  
  32  5:41  Stalker  
  34  5:48  Zealot  
  36  5:52  Zealot  
  36  6:07  Zealot x2  
  36  6:08  Probe x2 (Chrono Boost)  
  38  6:14  Stalker  
  36  6:28  Stalker  
  36  6:29  Stalker  
  34  6:42  Stalker  
  36  6:50  Probe x2  
  38  6:54  Stalker  
  38  6:56  Zealot  
  42  7:02  Probe x2  
  42  7:06  Pylon  
  42  7:07  Protoss Ground Weapons Level 1 (Chrono Boost)  
  42  7:08  Photon Cannon  
  44  7:09  Robotics Facility  
  44  7:16  Stalker  
  44  7:17  Stalker  
  44  7:20  Probe  
  44  7:22  Assimilator  
  49  7:28  Probe  
  50  7:32  Probe  
  49  7:50  Zealot x3  
  51  8:01  Mothership Core  
  51  8:02  Immortal (Chrono Boost)  
  57  8:09  Stalker  
  57  8:11  Sentry  
  61  8:13  Stalker  
  61  8:16  Probe  
  62  8:22  Probe  
  57  8:38  Stalker  
  57  8:39  Stalker x2  
  67  8:41  Immortal (Chrono Boost)  
  57  9:11  Stalker x2  
  57  9:15  Immortal (Chrono Boost)  
  57  9:25  Stalker  
  51  9:45  Stalker  
  49  9:46  Zealot  
  47  9:54  Zealot, Immortal (Chrono Boost)  
  47  9:56  Probe  
  47  9:57  Probe  
  55  10:00  Robotics Facility  
  55  10:03  Photon Cannon  
  55  10:05  Photon Cannon  
  55  10:07  Pylon  
  55  10:10  Zealot x2  
  59  10:28  Stalker  
  61  10:39  Zealot x2  
  64  10:46  Nexus  
  61  10:56  Pylon  
  61  11:00  Pylon, Stalker  
  61  11:01  Stalker x2  
  67  11:06  Immortal (Chrono Boost)  
  72  11:20  Observer (Chrono Boost)  
  72  11:24  Stargate  
  72  11:26  Assimilator  
  72  11:27  Stargate  
  72  11:30  Photon Cannon  
  72  11:45  Observer (Chrono Boost)  
  75  11:50  Warp Prism (Chrono Boost), Stalker  
  75  11:51  Zealot  
  79  11:55  Sentry  
  81  12:10  Void Ray x2 (Chrono Boost)  
  81  12:14  Probe  
  81  12:15  Probe x2  
  92  12:23  Protoss Ground Armor Level 1  
  92  12:42  Zealot x2  
  92  12:43  Zealot  
  98  12:50  Probe  
  99  12:53  Gateway  
  99  12:56  Gateway  
  99  12:58  Pylon  
  99  12:59  Void Ray (Chrono Boost)  
  99  13:03  Void Ray (Chrono Boost)  
  106  13:18  Stalker  
  106  13:19  Stalker  
  107  13:34  Immortal  
  110  13:44  Stalker  
  110  13:47  Stalker  
  113  13:57  Adept x2  
  112  14:20  Probe  
  112  14:21  Probe x2  
  115  14:30  Adept  
  117  14:31  Adept  
  117  14:32  Zealot x2  
  117  14:33  Zealot  
  115  14:57  Zealot x2  
  115  14:58  Zealot x3  
  71  15:30  Stalker  
  71  15:31  Stalker  
  71  15:32  Zealot x3  
Show
View Real Time Build Order
Export as new Build Order

SouLLeSS Protoss 

Build Orders: Blink Stalkers 

Get SALT Encoding   

  12  0:01  Probe (Chrono Boost)  
  13  0:11  Probe (Chrono Boost)  
  14  0:17  Pylon  
  14  0:22  Probe (Chrono Boost)  
  15  0:36  Probe (Chrono Boost)  
  15  0:38  Gateway  
  16  0:46  Probe (Chrono Boost)  
  16  0:48  Assimilator  
  18  0:57  Probe (Chrono Boost)  
  18  1:07  Probe (Chrono Boost)  
  19  1:18  Probe (Chrono Boost)  
  20  1:20  Assimilator  
  20  1:26  Cybernetics Core  
  20  1:28  Pylon, Probe (Chrono Boost)  
  21  1:51  Nexus  
  21  1:56  Probe (Chrono Boost)  
  21  2:02  Warp Gate (Chrono Boost)  
  21  2:07  Pylon  
  23  2:26  Stalker (Chrono Boost)  
  23  2:29  Mothership Core  
  25  2:32  Gateway  
  25  2:35  Pylon  
  25  2:46  Twilight Council  
  25  2:50  Probe  
  26  3:04  Probe  
  27  3:05  Probe  
  27  3:07  Stalker (Chrono Boost)  
  30  3:14  Probe  
  31  3:20  Probe  
  31  3:21  Gateway  
  32  3:29  Blink (Chrono Boost)  
  32  3:31  Probe  
  33  4:00  Stalker  
  33  4:01  Stalker  
  37  4:07  Pylon  
  35  4:13  Probe  
  35  4:14  Probe  
  36  4:24  Probe  
  36  4:26  Probe  
  36  4:27  Robotics Facility  
  36  4:35  Stalker x2  
  38  4:50  Probe  
  38  4:51  Probe  
  40  5:00  Probe, Gateway  
  40  5:03  Stalker, Probe  
  40  5:04  Stalker  
  46  5:07  Sentry  
  48  5:15  Pylon  
  48  5:36  Stalker x2  
  48  5:37  Stalker  
  54  5:43  Warp Prism  
  52  6:18  Stalker x3  
  52  6:19  Stalker  
  43  6:47  Stalker x3  
  43  6:48  Stalker  
  43  6:49  Probe  
  43  6:50  Probe  
  43  6:53  Assimilator  
  53  6:57  Assimilator  
  53  6:59  Probe  
  54  7:02  Probe  
  55  7:11  Stalker x2  
  55  7:12  Probe, Stalker  
  55  7:14  Probe  
  63  7:20  Stalker  
  65  7:23  Probe  
  64  7:58  Stalker x4  
  68  8:28  Stalker  
  70  8:53  Immortal  
  70  9:02  Pylon  
  62  9:03  Pylon  
  62  9:05  Pylon, Stalker  
  62  9:06  Stalker x3  
  62  9:07  Pylon  
  50  9:33  Stalker x3  
  50  9:34  Stalker  
  50  9:55  Probe  
  50  9:56  Probe  
  48  10:04  Immortal (Chrono Boost)  
  52  10:08  Probe  
  52  10:09  Probe, Nexus  
  52  10:10  Gateway  
  52  10:11  Pylon  
  52  10:13  Gateway  
  54  10:20  Probe  
  55  10:34  Adept x3  
  55  10:35  Adept  
  61  10:56  Pylon  
  59  10:57  Stalker x3  
  59  11:02  Stalker  
  65  11:15  Pylon  
  65  11:22  Immortal (Chrono Boost), Sentry x2  
  65  11:23  Sentry  
  75  11:27  Stalker x3  
  81  11:33  Probe x2  
  81  11:34  Probe  
  84  11:43  Resonating Glaives  
  84  11:48  Robotics Bay  
  84  11:50  Forge  
  84  11:58  Probe x2  
  84  12:00  Probe  
  87  12:09  Forge, Pylon  
  87  12:11  Stalker  
  87  12:12  Probe x3  
  93  12:16  Observer (Chrono Boost)  
  93  12:26  Stargate  
  93  12:29  Protoss Ground Weapons Level 1  
  93  12:34  Observer (Chrono Boost)  
  93  12:35  Photon Cannon  
  94  12:54  Protoss Ground Armor Level 1  
  94  12:57  Probe  
  94  12:58  Templar Archives  
  94  12:59  Probe  
  96  13:06  Adept x3  
  98  13:27  Probe  
  98  13:29  Probe  
  98  13:31  Assimilator  
  98  13:34  Photon Cannon  
  100  13:35  Gateway  
  100  13:36  Gateway  
  100  13:37  Assimilator  
  100  13:41  Disruptor (Chrono Boost)  
  103  13:45  Stalker x2  
  103  13:46  Stalker x3  
  113  13:49  Robotics Facility  
  107  14:11  Pylon  
  107  14:20  Photon Cannon  
  107  14:28  Nexus  
  107  14:30  Pylon  
  107  14:37  Disruptor (Chrono Boost)  
  112  14:42  Disruptor (Chrono Boost)  
  112  14:43  Photon Cannon  
  112  14:44  Photon Cannon  
  111  14:47  Stalker  
  111  14:50  Stalker  
  80  15:02  Stalker  
  80  15:03  Stalker  
  80  15:06  Stalker  
  67  15:20  Stalker x3  
  45  15:31  Stalker  
Tags
 
Add a new tag
Caveats
  • Supply blocks, unpowered buildings, or Contaminate may cause inaccurate times.
  • Supply counts are checked every 10 seconds.